TOP OF THE 1ST |
Grand Forks Caterpillars batting - Pitching for Alameda Airmen : RHP Ray Clifton
|
Pitching: RHP Ray Clifton
|
|
Batting: SHB Leonardo Rodríguez
|
0-0: Ball 1-0: Foul Ball, location: 2F 1-1: Ball 2-1: Ball 3-1: Ground out 6-3 (Groundball, 6, EV 78.1 MPH)
|
Batting: LHB Stanley Bell
|
0-0: Foul Ball, location: 2F 0-1: Ball 1-1: Ball 2-1: Foul Ball, location: 2F 2-2: Strikes out swinging
|
Batting: RHB Danny Hensley
|
0-0: Ball 1-0: Foul Ball, location: 2F 1-1: Ball 2-1: Foul Ball, location: 2F 2-2: Foul Ball, location: 2F 2-2: Ball 3-2: Foul Ball, location: 2F 3-2: Foul Ball, location: 2F 3-2: Fly out, F9 (Flyball, 9LS, EV 76.9 MPH)
|
Top of the 1st over - 0 runs, 0 hits, 0 errors, 0 left on base; Grand Forks 0 - Alameda 0 |
BOTTOM OF THE 1ST |
Alameda Airmen batting - Pitching for Grand Forks Caterpillars : LHP Seon-chin Park
|
Pitching: LHP Seon-chin Park
|
|
Batting: LHB Jorge Peniche
|
0-0: Fly out, F6 (Popup, 56, EV 61.9 MPH)
|
Batting: SHB John Joseph
|
0-0: Ground out 5-3 (Groundball, 56S, EV 81.2 MPH)
|
Batting: RHB Miguel Angel Criado
|
0-0: Ball 1-0: Ball 2-0: Ball 3-0: Called Strike 3-1: Foul Ball, location: 2F 3-2: Base on Balls
|
Batting: RHB Rodrigo Jiménez
|
0-0: SINGLE (Groundball, 4, EV 105.6 MPH) (infield hit) Miguel Angel Criado to second
|
Batting: LHB Daniel MacBrayne
|
0-0: Ball 1-0: Ball 2-0: Swinging Strike 2-1: Called Strike 2-2: Foul Ball, location: 2F 2-2: Ball 3-2: Base on Balls Miguel Angel Criado to third Rodrigo Jiménez to second
|
Batting: RHB César Jiménez
|
0-0: Ball 1-0: Called Strike 1-1: Foul Ball, location: 2F 1-2: Strikes out swinging
|
Bottom of the 1st over - 0 runs, 1 hit, 0 errors, 3 left on base; Grand Forks 0 - Alameda 0 |
TOP OF THE 2ND |
Grand Forks Caterpillars batting - Pitching for Alameda Airmen : RHP Ray Clifton
|
Batting: LHB Henri de Beeld
|
0-0: Ball 1-0: TRIPLE (Groundball, 5L, EV 104.4 MPH)
|
Batting: RHB Shalom Gestel
|
0-0: Ball 1-0: Ball 2-0: Fly out, F9 (Flyball, 9, EV 96.9 MPH) Runner from 3rd tags up, SCORES, throw by RF
|
Batting: RHB Kelly Johnson
|
0-0: Ball 1-0: Ball 2-0: Ball 3-0: Called Strike 3-1: Swinging Strike 3-2: DOUBLE (Flyball, 89D, EV 93.8 MPH)
|
Batting: RHB Conan Brown
|
0-0: Ball 1-0: Ball 2-0: SINGLE (Flyball, 89S, EV 93.1 MPH) Kelly Johnson to third Runner from 3rd tries for Home, SAFE, no throw by RF
|
Batting: RHB Roberto Guerrero
|
0-0: Ball 1-0: Called Strike 1-1: Ball 2-1: Ball 3-1: Base on Balls Conan Brown to second
|
Batting: RHB Zak Arnesson
|
0-0: Ball 1-0: Swinging Strike 1-1: Foul Ball, location: 2F 1-2: Ball 2-2: Fly out, F7 (Flyball, 7, EV 73.1 MPH)
|
Batting: SHB Leonardo Rodríguez
|
0-0: Ball Wild Pitch! Conan Brown to third Roberto Guerrero to second 1-0: Ball 2-0: Called Strike 2-1: Foul Ball, location: 2F 2-2: Ground out 4-3 (Groundball, 4, EV 80.6 MPH)
|
Top of the 2nd over - 2 runs, 3 hits, 0 errors, 2 left on base; Grand Forks 2 - Alameda 0 |
BOTTOM OF THE 2ND |
Alameda Airmen batting - Pitching for Grand Forks Caterpillars : LHP Seon-chin Park
|
Batting: RHB Roberto Berganza
|
0-0: SINGLE (Line Drive, 8RS, EV 86.2 MPH)
|
Batting: RHB Millard Morris
|
0-0: Ball 1-0: Ball 2-0: Foul Ball, location: 2F 2-1: DOUBLE (Flyball, 8RXD, EV 90.6 MPH) Roberto Berganza to third
|
Batting: RHB Joon-suk Kim
|
0-0: Called Strike 0-1: Fly out, F9 (Flyball, 9LD, EV 86.9 MPH) Runner from 3rd tags up, SCORES, no throw by RF
|
Batting: LHB Jorge Peniche
|
0-0: Foul Ball, location: 2F 0-1: Fly out, F4 (Line Drive, 4, EV 60.6 MPH)
|
Batting: SHB John Joseph
|
0-0: Fly out, F7 (Line Drive, 7D, EV 93.8 MPH)
|
Bottom of the 2nd over - 1 run, 2 hits, 0 errors, 1 left on base; Grand Forks 2 - Alameda 1 |
TOP OF THE 3RD |
Grand Forks Caterpillars batting - Pitching for Alameda Airmen : RHP Ray Clifton
|
Batting: LHB Stanley Bell
|
0-0: Ball 1-0: Swinging Strike 1-1: Called Strike 1-2: Ball 2-2: Ground out U3 (Groundball, 3L, EV 100.0 MPH)
|
Batting: RHB Danny Hensley
|
0-0: Called Strike 0-1: Ball 1-1: Ball 2-1: Swinging Strike 2-2: Foul Ball, location: 2F 2-2: Strikes out swinging
|
Batting: LHB Henri de Beeld
|
0-0: Ball 1-0: Ground out 4-3 (Groundball, 4, EV 103.8 MPH)
|
Top of the 3rd over - 0 runs, 0 hits, 0 errors, 0 left on base; Grand Forks 2 - Alameda 1 |
BOTTOM OF THE 3RD |
Alameda Airmen batting - Pitching for Grand Forks Caterpillars : LHP Seon-chin Park
|
Batting: RHB Miguel Angel Criado
|
0-0: Called Strike 0-1: Foul Ball, location: 2F 0-2: Ball 1-2: Foul Ball, location: 2F 1-2: Ball 2-2: Foul Ball, location: 2F 2-2: DOUBLE (Line Drive, 7LS, EV 109.4 MPH)
|
Batting: RHB Rodrigo Jiménez
|
0-0: Ball 1-0: Foul Ball, location: 2F 1-1: Fly out, F9 (Flyball, 89M, EV 91.2 MPH)
|
Batting: LHB Daniel MacBrayne
|
0-0: Fly out, F9 (Flyball, 89M, EV 91.2 MPH)
|
Batting: RHB César Jiménez
|
0-0: Called Strike 0-1: Foul Ball, location: 2F 0-2: Ball 1-2: Ball 2-2: Ball 3-2: Fly out, F8 (Flyball, 8LS, EV 90.6 MPH)
|
Bottom of the 3rd over - 0 runs, 1 hit, 0 errors, 1 left on base; Grand Forks 2 - Alameda 1 |
TOP OF THE 4TH |
Grand Forks Caterpillars batting - Pitching for Alameda Airmen : RHP Ray Clifton
|
Batting: RHB Shalom Gestel
|
0-0: Fly out, F3 (Popup, 3SF, EV 70.6 MPH)
|
Batting: RHB Kelly Johnson
|
0-0: SINGLE (Flyball, 89S, EV 88.8 MPH)
|
Batting: RHB Conan Brown
|
0-0: Ball 1-0: Foul Ball, location: 2F 1-1: DOUBLE (Line Drive, 89D, EV 114.4 MPH) Kelly Johnson to third Runner from 3rd tries for Home, SAFE, throw by RF to home
|
Batting: RHB Roberto Guerrero
|
0-0: Ball 1-0: Foul Ball, location: 2F 1-1: Ball 2-1: Fly out, F8 (Flyball, 8LD, EV 79.4 MPH)
|
Batting: RHB Zak Arnesson
|
0-0: Called Strike 0-1: Swinging Strike 0-2: Ball 1-2: Strikes out looking
|
Top of the 4th over - 1 run, 2 hits, 0 errors, 1 left on base; Grand Forks 3 - Alameda 1 |
BOTTOM OF THE 4TH |
Alameda Airmen batting - Pitching for Grand Forks Caterpillars : LHP Seon-chin Park
|
Batting: RHB Roberto Berganza
|
0-0: Foul Ball, location: 2F 0-1: Called Strike 0-2: Ball 1-2: SINGLE (Flyball, 9LM, EV 93.1 MPH)
|
Batting: RHB Millard Morris
|
0-0: Called Strike 0-1: Ball 1-1: Fly out, F9 (Flyball, 9S, EV 89.4 MPH)
|
Batting: RHB Joon-suk Kim
|
0-0: 2-RUN HOME RUN (Flyball, 7D, EV 105.6 MPH), Distance : 368 ft
|
Batting: LHB Jorge Peniche
|
0-0: Ball 1-0: Ball 2-0: Ball 3-0: Called Strike 3-1: Foul Ball, location: 2F 3-2: Fly out, F8 (Flyball, 8LXD, EV 103.1 MPH)
|
Batting: SHB John Joseph
|
0-0: Fly out, F8 (Line Drive, 8LD, EV 85.0 MPH)
|
Bottom of the 4th over - 2 runs, 2 hits, 0 errors, 0 left on base; Grand Forks 3 - Alameda 3 |
TOP OF THE 5TH |
Grand Forks Caterpillars batting - Pitching for Alameda Airmen : RHP Ray Clifton
|
Batting: SHB Leonardo Rodríguez
|
0-0: Called Strike 0-1: Ground out 4-3 (Groundball, 34, EV 109.4 MPH)
|
Batting: LHB Stanley Bell
|
0-0: Ball 1-0: Ball 2-0: Swinging Strike 2-1: Ball 3-1: Called Strike 3-2: Foul Ball, location: 2F 3-2: Foul Ball, location: 2F 3-2: Ground out 5-3 (Groundball, 56, EV 110.0 MPH)
|
Batting: RHB Danny Hensley
|
0-0: Swinging Strike 0-1: Ball 1-1: Called Strike 1-2: Ball 2-2: Foul Ball, location: 2F 2-2: Foul Ball, location: 2F 2-2: Strikes out swinging
|
Top of the 5th over - 0 runs, 0 hits, 0 errors, 0 left on base; Grand Forks 3 - Alameda 3 |
BOTTOM OF THE 5TH |
Alameda Airmen batting - Pitching for Grand Forks Caterpillars : LHP Seon-chin Park
|
Batting: RHB Miguel Angel Criado
|
0-0: Called Strike 0-1: Foul Ball, location: 2F 0-2: Ball 1-2: Strikes out swinging
|
Batting: RHB Rodrigo Jiménez
|
0-0: Ground out 5-3 (Groundball, 56, EV 100.6 MPH)
|
Batting: LHB Daniel MacBrayne
|
0-0: Ball 1-0: Swinging Strike 1-1: Called Strike 1-2: Strikes out swinging
|
Bottom of the 5th over - 0 runs, 0 hits, 0 errors, 0 left on base; Grand Forks 3 - Alameda 3 |
TOP OF THE 6TH |
Grand Forks Caterpillars batting - Pitching for Alameda Airmen : RHP Ray Clifton
|
Pitching: RHP Leo Madaev
|
|
Batting: LHB Henri de Beeld
|
0-0: Foul Ball, location: 2F 0-1: Ball 1-1: Swinging Strike 1-2: Ball 2-2: Foul Ball, location: 2F 2-2: Strikes out swinging
|
Batting: RHB Shalom Gestel
|
0-0: Ball 1-0: Foul Ball, location: 2F 1-1: Swinging Strike 1-2: Ball 2-2: Foul Ball, location: 2F 2-2: Strikes out swinging
|
Batting: RHB Kelly Johnson
|
0-0: DOUBLE (Flyball, 9LD, EV 100.6 MPH)
|
Batting: RHB Conan Brown
|
0-0: Ball 1-0: Ball 2-0: Foul Ball, location: 2F 2-1: Foul Ball, location: 2F 2-2: Strikes out swinging
|
Top of the 6th over - 0 runs, 1 hit, 0 errors, 1 left on base; Grand Forks 3 - Alameda 3 |
BOTTOM OF THE 6TH |
Alameda Airmen batting - Pitching for Grand Forks Caterpillars : LHP Seon-chin Park
|
Batting: RHB César Jiménez
|
0-0: Called Strike 0-1: Ball 1-1: Foul Ball, location: 2F 1-2: Ball 2-2: SINGLE (Flyball, 9S, EV 90.0 MPH)
|
Batting: RHB Roberto Berganza
|
0-0: Ball 1-0: Bunt - Flyout to 25! F5
|
Batting: RHB Millard Morris
|
0-0: Foul Ball, location: 2F 0-1: Foul Ball, location: 2F 0-2: Fly out, F7 (Line Drive, 7, EV 109.4 MPH)
|
Batting: RHB Joon-suk Kim
|
0-0: Called Strike 0-1: Swinging Strike 0-2: Hit by Pitch César Jiménez to second
|
Batting: LHB Jorge Peniche
|
0-0: Ball 1-0: Swinging Strike 1-1: Called Strike 1-2: Foul Ball, location: 2F 1-2: Strikes out swinging
|
Bottom of the 6th over - 0 runs, 1 hit, 0 errors, 2 left on base; Grand Forks 3 - Alameda 3 |
TOP OF THE 7TH |
Grand Forks Caterpillars batting - Pitching for Alameda Airmen : RHP Leo Madaev
|
Batting: RHB Roberto Guerrero
|
0-0: DOUBLE (Line Drive, 78XD, EV 105.0 MPH)
|
Batting: RHB Zak Arnesson
|
0-0: Ball 1-0: Ball 2-0: Fly out, F9 (Flyball, 89D, EV 108.1 MPH) Runner from 2nd tags up, SAFE at 3rd, no throw by RF
|
Batting: SHB Leonardo Rodríguez
|
0-0: Called Strike 0-1: Ball 1-1: Ball 2-1: Foul Ball, location: 2F 2-2: Foul Ball, location: 2F 2-2: Ball 3-2: SINGLE (Line Drive, 7S, EV 96.2 MPH) Roberto Guerrero scores
|
Batting: LHB Stanley Bell
|
0-0: Ball Leonardo Rodríguez is caught stealing 2nd base 2-6 1-0: Called Strike 1-1: Ball 2-1: Ball 3-1: Called Strike 3-2: Strikes out swinging
|
Top of the 7th over - 1 run, 2 hits, 0 errors, 0 left on base; Grand Forks 4 - Alameda 3 |
BOTTOM OF THE 7TH |
Alameda Airmen batting - Pitching for Grand Forks Caterpillars : LHP Seon-chin Park
|
Pitching: LHP Luis Asturias
|
|
Batting: SHB John Joseph
|
0-0: Hit by Pitch
|
Batting: RHB Miguel Angel Criado
|
0-0: Ball 1-0: Ball 2-0: Called Strike 2-1: Foul Ball, location: 2F 2-2: Foul Ball, location: 2F 2-2: Ball 3-2: Foul Ball, location: 2F 3-2: Strikes out swinging
|
Batting: RHB Rodrigo Jiménez
|
0-0: Ball 1-0: Foul Ball, location: 2F 1-1: Ball 2-1: Ball 3-1: SINGLE (Flyball, 8LS, EV 95.0 MPH) John Joseph to second
|
Batting: LHB Daniel MacBrayne
|
0-0: Called Strike 0-1: Ball 1-1: Foul Ball, location: 2F 1-2: Ball 2-2: Foul Ball, location: 2F 2-2: Foul Ball, location: 2F 2-2: Fly out, F8 (Flyball, 8LM, EV 85.0 MPH)
|
Batting: RHB César Jiménez
|
0-0: Ball 1-0: Swinging Strike 1-1: Called Strike 1-2: Foul Ball, location: 2F 1-2: Reached on error, E5 (Groundball, 56, EV 96.9 MPH) John Joseph to third Rodrigo Jiménez to second
|
Batting: RHB Roberto Berganza
|
0-0: Ball 1-0: Ball 2-0: Swinging Strike 2-1: Ball 3-1: Called Strike 3-2: Strikes out swinging
|
Bottom of the 7th over - 0 runs, 1 hit, 1 error, 3 left on base; Grand Forks 4 - Alameda 3 |
TOP OF THE 8TH |
Grand Forks Caterpillars batting - Pitching for Alameda Airmen : RHP Leo Madaev
|
Batting: RHB Danny Hensley
|
0-0: SINGLE (Groundball, 56, EV 88.8 MPH) (infield hit)
|
Batting: LHB Henri de Beeld
|
0-0: Called Strike 0-1: Ball Wild Pitch! Danny Hensley to second 1-1: Swinging Strike 1-2: Strikes out swinging
|
Batting: RHB Shalom Gestel
|
0-0: Foul Ball, location: 2F 0-1: Swinging Strike 0-2: Ball 1-2: Ball 2-2: Foul Ball, location: 2F 2-2: Foul Ball, location: 2F 2-2: Foul Ball, location: 2F 2-2: Foul Ball, location: 2F 2-2: Foul Ball, location: 2F 2-2: Ball 3-2: Strikes out swinging
|
Batting: RHB Kelly Johnson
|
0-0: Called Strike 0-1: Ball 1-1: Foul Ball, location: 2F 1-2: Ball 2-2: Ground out 6-3 (Groundball, 6, EV 96.9 MPH)
|
Top of the 8th over - 0 runs, 1 hit, 0 errors, 1 left on base; Grand Forks 4 - Alameda 3 |
BOTTOM OF THE 8TH |
Alameda Airmen batting - Pitching for Grand Forks Caterpillars : LHP Luis Asturias
|
Batting: RHB Millard Morris
|
0-0: Ball 1-0: Foul Ball, location: 2F 1-1: Ball 2-1: Ball 3-1: SOLO HOME RUN (Line Drive, 7D, EV 93.8 MPH), Distance : 382 ft
|
Pitching: LHP Tyler Gould
|
|
Batting: RHB Joon-suk Kim
|
0-0: Ball 1-0: Ball 2-0: Foul Ball, location: 2F 2-1: Called Strike 2-2: Foul Ball, location: 2F 2-2: Ball 3-2: Fly out, F9 (Line Drive, 9, EV 96.2 MPH)
|
Batting: LHB Jorge Peniche
|
0-0: Ball 1-0: Called Strike 1-1: Called Strike 1-2: Foul Ball, location: 2F 1-2: Fly out, F8 (Line Drive, 8LM, EV 99.4 MPH)
|
Batting: SHB John Joseph
|
0-0: Called Strike 0-1: Ball 1-1: Called Strike 1-2: Fly out, F9 (Flyball, 9S, EV 88.1 MPH)
|
Bottom of the 8th over - 1 run, 1 hit, 0 errors, 0 left on base; Grand Forks 4 - Alameda 4 |
TOP OF THE 9TH |
Grand Forks Caterpillars batting - Pitching for Alameda Airmen : RHP Leo Madaev
|
Pitching: RHP Foster McCoy
|
|
Batting: RHB Conan Brown
|
0-0: Swinging Strike 0-1: Ball 1-1: Called Strike 1-2: Foul Ball, location: 2F 1-2: Ground out 5-3 (Groundball, 56, EV 83.8 MPH)
|
Pinch Hitting: LHB Jorge Cruz
|
0-0: Called Strike 0-1: Called Strike 0-2: Foul Ball, location: 2F 0-2: Ball 1-2: Ground out 6-3 (Groundball, 6, EV 78.8 MPH)
|
Pinch Hitting: RHB Iván Piñón
|
0-0: Ball 1-0: Ball 2-0: Called Strike 2-1: Swinging Strike 2-2: Strikes out swinging
|
Top of the 9th over - 0 runs, 0 hits, 0 errors, 0 left on base; Grand Forks 4 - Alameda 4 |
TOP OF THE 10TH |
Grand Forks Caterpillars batting - Pitching for Alameda Airmen : RHP Foster McCoy
|
Batting: SHB Leonardo Rodríguez
|
0-0: Ball 1-0: Called Strike 1-1: Ball 2-1: Ball 3-1: Base on Balls
|
Batting: LHB Stanley Bell
|
0-0: Ball 1-0: Sac Bunt to 13S - play at first, batter OUT! 1-4 Leonardo Rodríguez to second
|
Batting: RHB Danny Hensley
|
0-0: Foul Ball, location: 2F 0-1: Ball 1-1: SINGLE (Line Drive, 8RS, EV 96.9 MPH) Leonardo Rodríguez to third
|
Batting: LHB Henri de Beeld
|
0-0: Ball Danny Hensley steals 2nd base (no throw) 1-0: Fly out, F8 (Flyball, 8RD, EV 100.0 MPH) Runner from 3rd tags up, SCORES, throw by CF
|
Batting: RHB Shalom Gestel
|
0-0: Called Strike 0-1: Ball 1-1: Swinging Strike 1-2: Foul Ball, location: 2F 1-2: Strikes out looking
|
Top of the 10th over - 1 run, 1 hit, 0 errors, 1 left on base; Grand Forks 5 - Alameda 4 |
BOTTOM OF THE 10TH |
Alameda Airmen batting - Pitching for Grand Forks Caterpillars : LHP Tyler Gould
|
Pitching: RHP Sekien Saromi
|
|
Pinch Hitting: LHB Xue-qin Chen
|
0-0: Foul Ball, location: 2F 0-1: Swinging Strike 0-2: SINGLE (Line Drive, 34, EV 97.5 MPH)
|
Batting: LHB Jorge Peniche
|
0-0: Ball 1-0: Ball 2-0: Ball 3-0: Called Strike 3-1: Sac Bunt to 25 - play at first, batter safe! Xue-qin Chen to second
|
Batting: SHB John Joseph
|
0-0: Foul Ball, location: 2F 0-1: Foul Ball, location: 2F 0-2: Ball 1-2: Hit by Pitch Xue-qin Chen to third Jorge Peniche to second
|
Batting: RHB Miguel Angel Criado
|
0-0: Swinging Strike 0-1: Swinging Strike 0-2: Ball 1-2: Ball 2-2: SINGLE (Line Drive, 56D, EV 106.2 MPH) Xue-qin Chen scores Jorge Peniche to third John Joseph to second
|
Pitching: LHP Francisco Ureña
|
|
Batting: RHB Rodrigo Jiménez
|
0-0: Foul Ball, location: 2F 0-1: Fly out, F8 (Flyball, 8RD, EV 93.8 MPH) Runner from 3rd tags up, SCORES, throw by CF
|
 |
Tuesday, January 5th, 2021 - OOTP Baseball 20.8 Build 74
|
|